 Dungeon Crawl Stone Soup version 0.30-a0-1050-g2766ea1e55 (webtiles) character file.

Game seed: 6954117309752603956

395 CryoSword the Caller (level 6, -1/45 HPs)
             Began as a Draconian Hedge Wizard on Apr 10, 2023.
             Succumbed to Ijyb's poison
             ... on level 4 of the Dungeon.
             The game lasted 00:08:11 (4213 turns).

CryoSword the Caller (Draconian Hedge Wizard)       Turns: 4213, Time: 00:08:11

Health: -1/45      AC: 14    Str: 13    XL:     6   Next: 52%
Magic:  4/10       EV:  9    Int: 16    God:
Gold:   202        SH:  0    Dex: 10    Spells: 3/11 levels left

rFire   . . .      SeeInvis .    l - +0 flail (protect)
rCold   + . .      Faith    .    (no shield)
rNeg    . . .      Spirit   .    (body armour unavailable)
rPois   .          Reflect  .    b - +0 hat
rElec   .          Rampage  .    k - scarf {+Inv}
rCorr   .                        (no gloves)
Will    .....                    o - +0 pair of boots
Stlth   ++                       (no amulet)
HPRegen 0.27/turn                j - ring of protection from cold
MPRegen 0.12/turn                (no ring)

@: lethally poisoned (-1 -> -15), grasped by roots, under a protective aura,
very slightly contaminated, constricted
A: AC +6, unfitting armour, cold-blooded
a: Evoke Invisibility


You were on level 4 of the Dungeon.
You visited 1 branch of the dungeon, and saw 4 of its levels.

You collected 202 gold pieces.

Inventory:

Hand Weapons
 l - a +0 flail of protection (weapon)
   (You took it off Edmund on level 4 of the Dungeon)
Missiles
 d - 4 poisoned darts (quivered)
 m - a throwing net
 t - 6 boomerangs
Armour
 b - a +0 hat (worn)
 k - a scarf of invisibility (worn)
   (You found it on level 1 of the Dungeon)
 o - a +0 pair of boots (worn)
   (You found it on level 2 of the Dungeon)
Jewellery
 j - a ring of protection from cold (left hand)
   (You found it on level 1 of the Dungeon)
Scrolls
 a - a scroll of fear {unknown}
 f - a scroll of enchant weapon {unknown}
 g - 5 scrolls of teleportation {@r4}
 i - 2 scrolls of magic mapping {unknown}
 n - 3 scrolls of acquirement {unknown}
 p - 2 scrolls of amnesia {unknown}
 q - 3 scrolls of immolation {unknown}
 r - a scroll of fog {unknown}
Potions
 c - a potion of magic
 e - a potion of mutation {!q}


   Skills:
 - Level 2.1 Dodging
 - Level 2.1 Stealth
 - Level 3.0 Spellcasting
 + Level 2.8 Conjurations
 * Level 3.8 Summonings
 + Level 2.9 Translocations
 + Level 1.9 Air Magic
 + Level 2.1 Poison Magic


You had 3 spell levels left.
You knew the following spells:

 Your Spells              Type           Power      Damage    Failure   Level
a - Magic Dart            Conj           44%        1d5       6%          1
b - Call Imp              Summ           28%        N/A       6%          2
B - Blink                 Tloc           22%        N/A       9%          2
C - Mephitic Cloud        Conj/Pois/Air  9%         N/A       22%         3

Your spell library contained the following spells:

 Spells                   Type           Power      Damage    Failure   Level
 Cigotuvi's Dreadful Rot  Necr/Pois/Air  12%        N/A       16%         2
 Slow                     Hex            8%         N/A       19%         1


Dungeon Overview and Level Annotations

Branches:
Dungeon (4/15)
 Temple: D:4-7

Altars:
Elyvilon
Nemelex Xobeh
Okawaru

Annotations:
D:4 Ijyb, Sigmund


Innate Abilities, Weirdness & Mutations

Your plain brown scales are hard. (AC +6)
You cannot fit into any form of body armour.
You are cold-blooded and may be slowed by cold attacks.


Message History

Edmund hits you but does no damage.
Your cerulean imp hits Edmund but does no damage.
Edmund chortles and stares into space.
Edmund hits you with a +0 flail of protection!
* * * LOW HITPOINT WARNING * * *
Edmund hits himself with a +0 flail of protection!
You hit Edmund but do no damage. You tail-slap Edmund.
Your cerulean imp hits Edmund but does no damage.
You hit Edmund but do no damage.
Your cerulean imp hits Edmund but does no damage.
Edmund misses you.
Your cerulean imp hits Edmund but does no damage.
You hit Edmund. You tail-slap Edmund, but do no damage.
You punch Edmund, but do no damage. Edmund barely misses you.
Your cerulean imp hits Edmund but does no damage.
You strike the helpless Edmund from behind!
You hit Edmund.
Edmund looks very confused.
Your cerulean imp hits Edmund but does no damage.
You hit Edmund. Edmund misses you.
Your cerulean imp hits Edmund but does no damage.
You barely miss Edmund. You tail-slap Edmund, but do no damage.
Your cerulean imp hits Edmund but does no damage.
You barely miss Edmund.
You are starting to lose your buoyancy.
Your cerulean imp hits Edmund but does no damage.
Aim: Edmund, wielding a +0 flail of protection and wearing a +0 scale mail (almost dead, confused, ally target, 100% to hit)
You feel a surge of power!
The magic dart hits Edmund.
Your cerulean imp hits Edmund but does no damage.
Throw: 4 darts (poison)
Aim: Edmund, wielding a +0 flail of protection and wearing a +0 scale mail (almost dead, confused, ally target, 80% to hit)
You throw a poisoned dart. The poisoned dart hits Edmund.
Edmund is poisoned.
You kill Edmund!
Your Poison Magic skill increases to level 2!
d - 4 poisoned darts (gained 1)
Things that are here:
a +0 flail of protection; a +0 scale mail; the human corpse of Edmund You float gracefully downwards.
You swap places.
You swap places.
You start resting.
Your cerulean imp disappears in a puff of smoke!
You feel a little less clever now.
You start resting.
Unknown command.
Things that are here:
a +0 flail of protection; a +0 scale mail; the human corpse of Edmund
Found an escape hatch in the floor.
Things that are here:
a +0 flail of protection; a +0 scale mail; the human corpse of Edmund
l - a +0 flail of protection Your +0 flail of protection hums with potential!
l - a +0 flail of protection (weapon)
You drop a +0 rapier.
There is an escape hatch in the floor here.
You see here a hobgoblin skeleton.
Found an escape hatch in the ceiling.
Found 18 gold pieces.
A dart slug is nearby!
The dart slug barely misses you.
You thump the dart slug!
Your weapon exudes an aura of protection.
Your tail-slap misses the dart slug.
The dart slug closely misses you.
You thump the dart slug!
You kill the dart slug!
No target in view!
i - 2 scrolls labelled XAGEDI IPNOEJ (gained 1)
You now have 184 gold pieces (gained 11).
You see here an orb of mayhem.
You see here a dart slug corpse.
You now have 202 gold pieces (gained 18).
Ijyb and a goblin come into view.
Ijyb is wielding a +1 dagger of venom and carrying a wand of roots (13).
Ijyb screams, "I cut your head off!"
A tiny devil pulls itself out of the air.
Ijyb zaps a wand.
The roots erupt in riotous growth!
Roots grab your cerulean imp. The grasping roots grab you!
The grasping roots constrict your cerulean imp!
The grasping roots constrict you.
You hear a shout!
You escape the roots grasp.
Ijyb zaps a wand.
The roots erupt in riotous growth!
Your cerulean imp is unaffected.
The grasping roots grab you!
The grasping roots constrict your cerulean imp.
The grasping roots constrict you.
Your cerulean imp barely misses Ijyb.
You escape the roots grasp.
The grasping roots constrict your cerulean imp.
Your cerulean imp dies!
Your cerulean imp disappears in a puff of smoke!
You hit Ijyb but do no damage.
Your weapon exudes an aura of protection.
Your tail-slap misses Ijyb.
Ijyb hits you but does no damage.
You are poisoned.
Ijyb hits you but does no damage.
You are more poisoned.
A tiny devil pulls itself out of the air.
You feel very sick.
Ijyb screams, "Get away!"
Ijyb hits you but does no damage.
You are more poisoned.
You feel very sick.
Your cerulean imp misses Ijyb.
Okay, then.
The spell is quite dangerous to miscast (22% risk of failure)!
Continue anyway?
You miscast Mephitic Cloud.
You are very lightly contaminated with residual magic.
Nothing appears to happen.
You feel very sick.
Ijyb hits you with a +1 dagger of venom.
You are more poisoned.
Your cerulean imp misses Ijyb.
You swap places.
You feel very sick.
Your cerulean imp hits Ijyb but does no damage.
Ijyb attacks as you move away! Ijyb misses you.
You feel very sick.
Your cerulean imp hits Ijyb but does no damage.
You barely miss Ijyb.
You feel very sick. Ijyb barely misses you.
Your cerulean imp closely misses Ijyb.
You hit Ijyb.
Your weapon exudes an aura of protection.
You feel very sick.
Ijyb zaps a wand.
The roots erupt in riotous growth!
The grasping roots grab you!
Ijyb is unaffected.
The grasping roots constrict you.
* * * LOW HITPOINT WARNING * * *
Your cerulean imp barely misses Ijyb.
The endoplasm hits your cerulean imp but does no damage.
Ijyb hits you but does no damage. The grasping roots constrict you.
* * * LOW HITPOINT WARNING * * *
Okay, then.
You sock Ijyb!
Your tail-slap misses Ijyb.
* * * LOW HITPOINT WARNING * * *
You feel sick.
Your cerulean imp hits the endoplasm but does no damage.
The goblin hits you with a +0 dagger.
* * * LOW HITPOINT WARNING * * *
Ijyb hits you but does no damage.
You are more poisoned.
The grasping roots constrict you.
Your cerulean imp hits the endoplasm with a -2 spear.
Unknown command.
Unknown command.
You barely miss Ijyb.
You die...

##....#.........##
.................#
...........$J...g####
....................##
.....................#
..###.###.....#.##...#
..# #.........###J5###
.####.....##....gg.#
###.......##....@###
###.......###......#
#..........###....##
........†...##...##
............##...####
....................#
...........#.#.......#
....[.<.......##....##
............#..######


You could see Ijyb, an endoplasm (distracted, ally target), a goblin and a
friendly cerulean imp (summoned).

Vanquished Creatures
  Edmund (D:4)
  A scorpion (D:4)
  Robin (D:2)
  6 adders
  3 worms
  3 dart slugs
  7 ball pythons
  6 endoplasms
  4 giant cockroaches
  11 goblins
  4 hobgoblins
  6 jackals
  9 bats
  4 frilled lizards
  4 rats
70 creatures vanquished.

Vanquished Creatures (collateral kills)
  A hound (D:4)
  An adder (D:2)
  A worm (D:2)
  2 dart slugs
  A ball python (D:2)
  An endoplasm (D:3)
  A goblin (D:2)
  2 hobgoblins
  A jackal (D:2)
  A frilled lizard (D:3)
  2 kobolds (D:2)
  A rat (D:2)
15 creatures vanquished.

Grand Total: 85 creatures vanquished

Notes
Turn   | Place    | Note
-------+----------+-------------------------------------------
     0 | D:1      | CryoSword the Draconian Hedge Wizard began the quest for
                  | the Orb.
     0 | D:1      | Reached XP level 1. HP: 14/14 MP: 4/4
   147 | D:1      | Reached XP level 2. HP: 19/20 MP: 0/6
   965 | D:1      | Reached XP level 3. HP: 26/26 MP: 1/7
  1028 | D:1      | Learned a level 2 spell: Blink
  1031 | D:1      | Learned a level 2 spell: Call Imp
  1035 | D:1      | Learned a level 3 spell: Mephitic Cloud
  1617 | D:2      | Reached XP level 4. HP: 25/33 MP: 1/8
  1687 | D:2      | Noticed Robin
  1925 | D:2      | Killed Robin
  2158 | D:2      | Reached skill level 1 in Poison Magic
  2530 | D:3      | Reached skill level 1 in Air Magic
  2789 | D:3      | Found an iron altar of Okawaru.
  2822 | D:3      | Reached XP level 5. HP: 38/38 MP: 6/9
  3091 | D:3      | Found a sparkling altar of Nemelex Xobeh.
  3525 | D:4      | Found a white marble altar of Elyvilon.
  3756 | D:4      | Noticed Ijyb
  3784 | D:4      | Noticed Sigmund
  3950 | D:4      | Reached XP level 6. HP: 44/45 MP: 7/10
  3974 | D:4      | Noticed Edmund
  4027 | D:4      | Killed Edmund
  4213 | D:4      | Succumbed to Ijyb's poison

Illustrated notes

Levels and vault maps discovered:
D:1:      dpeg_arrival_renting, layout_loops_ring
D:2:      layout_basic, uniq_robin
D:3:      layout_loops_corners, old_standard_altar, general_overflow_altar,
          hangedman_decor_clover_reticule
D:4:      layout_cave_pools, kennysheep_little_box, overflow_temple_1_default,
          temple_hall, uniq_ijyb, uniq_edmund, uniq_sigmund

Skill      XL: |  1  2  3  4  5  6 |
---------------+-------------------+-----
Stealth        | 2 |  2.1
Dodging        | 2 |  2.1
Summonings     | 2 3 |  3.8
Conjurations   | 2 |  2.8
Translocations | 2 |  2.9
Poison Magic   | 1 2 |  2.1
Air Magic      | 1 |  1.9
Spellcasting   | |  3.0

Action                     |  1- 3 |  4- 6 || total
---------------------------+-------+-------++-------
  Melee: Dagger            |    37 |       ||    37
         Tailslap          |    10 |    23 ||    33
         Punch             |     1 |     1 ||     2
         Rapier            |    39 |   130 ||   169
         Flail             |       |     7 ||     7
  Throw: Dart              |       |     1 ||     1
   Cast: Magic Dart        |    57 |    34 ||    91
         Call Imp          |     5 |    30 ||    35
         Mephitic Cloud    |       |     3 ||     3
    Use: Scroll            |       |     4 ||     4
         Potion            |       |     3 ||     3
   Stab: Sleeping          |     1 |       ||     1
         Distracted        |       |     1 ||     1
         Confused          |       |     2 ||     2
 Armour: Skin              |    41 |    64 ||   105
  Dodge: Dodged            |   101 |   123 ||   224

Table legend: (Time is in decaauts)
 A = Elapsed time spent in this place.
 B = Non-inter-level travel time spent in this place.
 C = Inter-level travel time spent in this place.
 D = Time resting spent in this place.
 E = Time spent auto-exploring this place.
 F = Levels seen in this place.
 G = Mean time per level.
                   A        B        C        D        E       F      G
               +--------+--------+--------+--------+--------+-----+--------+
         Total |   4250 |   4127 |    123 |    150 |   3069 |   4 | 1062.5 |
       Dungeon |   4250 |   4127 |    123 |    150 |   3069 |   4 | 1062.5 |
               +--------+--------+--------+--------+--------+-----+--------+

Top non-repeatable levels by time:
     D:2: 1293 daAuts
     D:1: 1173 daAuts
     D:3: 1126 daAuts
     D:4: 656 daAuts
